 Dungeon Crawl Stone Soup version 0.22-a0-469-gf26638a (webtiles) character file.

10953 4thArraOfDagon the Geomancer (level 11, -1/47 HPs)
             Began as a Spriggan Earth Elementalist on June 12, 2018.
             Was an Elder of Sif Muna.
             Shot with an arrow by Nessos (12 damage)
             ... on level 13 of the Dungeon.
             The game lasted 00:26:04 (3773 turns).

4thArraOfDagon the Geomancer (SpEE)                 Turns: 3773, Time: 00:26:04

Health: -1/47      AC:  6    Str:  4    XL:     11   Next: 42%
Magic:  16/28      EV: 22    Int: 20    God:    Sif Muna [****..]
Gold:   177        SH:  0    Dex: 22    Spells: 24/34 levels left

rFire    . . .     SeeInvis +   z - +4 rapier of Hubris {pierce, MR++}
rCold    . . .     Gourm    .   (shield restricted)
rNeg     . . .     Faith    .   j - +0 troll leather armour {Purgy}
rPois    +         Spirit   .   (helmet restricted)
rElec    .         Reflect  .   (no cloak)
rCorr    .         Harm     .   (gloves unavailable)
MR       ++++.                  (boots unavailable)
Stlth    ++++......             a - amulet of regeneration
HPRegen  0.95/turn              s - ring of protection from magic
MPRegen  0.21/turn              y - ring of poison resistance

@: agile, divine energy, very quick
A: very small, unfitting armour, molten scales 1, see invisible, herbivore,
speed 3, mutation resistance 1, slow metabolism 2, MP-powered wands
a: Stop Divine Energy, Channel Magic, Forget Spell, Renounce Religion


You were on level 13 of the Dungeon.
You worshipped Sif Muna.
Sif Muna was greatly pleased with you.
You were hungry.

You visited 1 branch of the dungeon, and saw 14 of its levels.
You also visited: Labyrinth and Sewer.

You collected 330 gold pieces.
You spent 153 gold pieces at shops.

Inventory:

Hand Weapons
 g - the +6 war axe of Fate {chop, +Fly Str+3, unknown}
   (You found it in a labyrinth)

   It inflicts extra damage upon your enemies.
   It affects your strength (+3).
   It lets you fly.
 n - a +0 short sword
 z - the +4 rapier of Hubris (weapon) {pierce, MR++}
   (You found it on level 11 of the Dungeon)

   It inflicts extra damage upon your enemies.
   It affects your resistance to hostile enchantments.
Missiles
 b - 37 stones (quivered)
Armour
 j - a +0 troll leather armour (worn) {Purgy}
Magical Staves
 i - an uncursed staff of death
 l - an uncursed staff of fire
Jewellery
 a - an amulet of regeneration (around neck)
 k - a +6 ring of dexterity {unknown}
 s - a ring of protection from magic (left hand)
 w - an uncursed ring of resist corrosion
 x - a cursed amulet of inaccuracy {unknown}
 y - a ring of poison resistance (right hand)
Wands
 c - a wand of flame (59)
 B - a wand of polymorph (16)
Scrolls
 d - a scroll of identify
 f - 2 scrolls of immolation {unknown}
 h - 3 scrolls of remove curse
 q - a scroll of enchant armour {unknown}
 r - 2 scrolls of enchant weapon {unknown}
 u - 2 scrolls of teleportation
 v - 4 scrolls of blinking
 A - a scroll of magic mapping
Potions
 e - a potion of flight
 m - a potion of brilliance
 o - 3 potions of lignification
 t - 2 potions of cancellation
 C - a potion of agility
 D - a potion of might
 E - a potion of mutation


   Skills:
 - Level 3.0 Dodging
 - Level 3.0 Stealth
 + Level 12.2 Spellcasting
   Level 1.3 Transmutations
 * Level 13.1 Earth Magic
 - Level 4.0 Invocations


You had 24 spell levels left.
You knew the following spells:

 Your Spells              Type           Power        Failure   Level  Hunger
a - Sandblast             Erth           ######       1%          1    None
b - Stone Arrow           Conj/Erth      #####.       1%          3    None
c - Lee's Rapid Deconstr  Erth           ######....   1%          5    ####...
d - Apportation           Tloc           ##....       10%         1    None

Your spell library contained the following spells:

 Spells                   Type           Power        Failure   Level  Hunger
 Bolt of Cold             Conj/Ice       ##........   100%        6    ######.
 Freezing Cloud           Conj/Ice/Air   ##........   100%        6    ######.
 Summon Small Mammal      Summ           ##..         10%         1    None
 Animate Skeleton         Necr           N/A          10%         1    None
 Ozocubu's Refrigeration  Ice            ##........   100%        6    ######.
 Ice Form                 Ice/Tmut       ##......     58%         4    #......
 Confusing Touch          Hex            ##....       10%         1    None
 Passwall                 Tmut/Erth      #####...     1%          2    None
 Metabolic Englaciation   Hex/Ice        ##........   95%         5    ####...
 Simulacrum               Ice/Necr       ##........   100%        6    ######.
 Petrify                  Tmut/Erth      #####...     4%          4    #......


Dungeon Overview and Level Annotations

Branches:
Dungeon (14/15)            Temple (0/1) D:7             Orc (0/2) D:11
   Lair: D:8-11      Vaults: D:13-14

Altars:
Hepliaklqana
Kikubaaqudgha
Sif Muna
Trog
Zin

Shops:
D:5 !([}   D:11 *?   D:13 (

Annotations:
D:4 Dowan, Duvessa
D:13 Nessos


Innate Abilities, Weirdness & Mutations

You are very small and have problems with some larger weapons.
You are too small for most types of armour.
You have supernaturally acute eyesight. (SInv)
You are a herbivore.
You cover ground extremely quickly.
You need to consume almost no food.
You are partially covered in molten scales. (AC +2)
You are somewhat resistant to further mutation.
You expend magic power (3 MP) to strengthen your wands.


Message History

You are feeling hungry.
You feel less invigorated. The centaur warrior skeleton hits you.
* * * LOW HITPOINT WARNING * * *
Unknown command.
Unknown command.
Casting: Lee's Rapid Deconstruction (safe; 1% risk of failure)
Confirm with . or Enter, or press ? or * to list all spells.
Aiming: Lee's Rapid Deconstruction (safe; 1% risk of failure)
Press: ? - help, Dir - move target cursor
Okay, then.
You feel somewhat more hungry.
The centaur warrior skeleton barely misses you.
A bullfrog comes into view.
Nessos pounds the earth with his hooves.
Unknown command.
You feel better.
Nessos blinks!
The centaur warrior skeleton misses you.
Nessos wields a glowing longbow.
It bursts into flame!
Nessos shoots an arrow.
The arrow hits you!
You die...

#.# #........D#
#######.##########.........###
.........................%....
###.#####.#####.# #Z# #.# #.#
#.# #.# #.# #.# #.# #a# #.#
#.# #(# #.#
###.#####.#####(######.######
............c...@Z§...F.......
######.######.######.#######..
#.# #.# #.# #.# #.# #.# #.#
#.# #.# #.# #.# #.# #.# #.#
#.# #.# #.# #.# ### ### ###


You could see Nessos, a bullfrog and a centaur warrior skeleton.

Vanquished Creatures
  3 hydras
  A centaur warrior (D:12)
  2 two-headed ogres
  An unseen horror (D:12)
  An ugly thing (D:11)
  3 cyclopes
  2 centaur skeletons
  3 hippogriffs
  A shadow (D:13)
  A warg (D:12)
  A hungry ghost (D:8)
  A water moccasin (D:12)
  2 ice beasts
  A hornet zombie (D:12)
  A phantom (D:12)
  Purgy (Sewer)
  An ogre (D:12)
  10 centaurs
  5 bullfrogs
  Blork the orc (D:4)
  3 scorpions
  5 killer bees (D:8)
  2 wights (D:12)
  9 howler monkeys
  2 centaur zombies
  3 bullfrog zombies
  2 jellies
  2 orc priests (D:12)
  5 worker ants
  An iguana (D:4)
  2 orc wizards (D:8)
  A killer bee zombie (D:6)
  A hound skeleton (D:11)
  Robin (D:4)
  A worker ant zombie (D:5)
  4 adders
  A howler monkey skeleton (D:7)
  2 shadow imps
  An adder skeleton (D:8)
  An adder zombie (D:7)
  A dart slug (D:1)
  2 leopard geckos (D:4)
  16 orcs
  2 giant cockroaches (D:4)
  11 goblins (D:4)
  2 hobgoblins
  3 jackals (D:7)
  2 quokkas
  8 bats
  2 frilled lizards (D:4)
  3 kobolds (D:11)
143 creatures vanquished.

Notes
Turn   | Place    | Note
-------+----------+-------------------------------------------
     0 | D:1      | 4thArraOfDagon the Spriggan Earth Elementalist began the quest for the Orb.
     0 | D:1      | Reached XP level 1. HP: 9/9 MP: 5/5
    40 | D:1      | is it that?
   102 | D:1      | labquite bad
   154 | D:2      | You fall through a shaft for 2 floors!
   172 | D:4      | Reached skill level 3 in Earth Magic
   172 | D:4      | Reached XP level 2. HP: 13/13 MP: 2/7
   177 | D:4      | Found a bloodstained altar of Trog.
   253 | D:4      | Found an ancient bone altar of Kikubaaqudgha.
   269 | D:4      | Found a deep blue altar of Sif Muna.
   279 | D:4      | Became a worshipper of Sif Muna the Loreminder
   281 | D:4      | Found a glowing silver altar of Zin.
   310 | D:4      | Noticed Blork the orc
   310 | D:4      | Noticed Robin
   324 | D:4      | magipi: omg
   330 | D:4      | magipi: nice level
   330 | D:4      | Reached XP level 3. HP: 13/16 MP: 2/8
   337 | D:4      | Found a glowing drain.
   341 | Sewer    | Entered a sewer
   412 | Sewer    | Learned a level 3 spell: Stone Arrow
   425 | Sewer    | Noticed Purgy
   435 | Sewer    | Killed Purgy
   435 | Sewer    | Reached skill level 4 in Earth Magic
   435 | Sewer    | Reached skill level 1 in Invocations
   435 | Sewer    | Reached XP level 4. HP: 11/21 MP: 1/11
   531 | D:4      | Killed Robin
   559 | D:4      | Reached XP level 5. HP: 24/24 MP: 4/12
   567 | D:4      | Killed Blork the orc
   592 | D:4      | Learned a level 5 spell: Lee's Rapid Deconstruction
   926 | D:3      | Reached XP level 6. HP: 28/28 MP: 6/13
   964 | D:4      | Reached * piety under Sif Muna
   976 | D:4      | Noticed Duvessa
   979 | D:4      | Reached skill level 5 in Earth Magic
   980 | D:4      | Noticed Dowan
  1000 | D:5      | Entered Level 5 of the Dungeon
  1011 | D:5      | Found Cupnac's Distillery.
  1017 | D:5      | Gained mutation: You are partially covered in molten scales. (AC +2) [potion of mutation]
  1017 | D:5      | Gained mutation: You can translocate small distances at will. [potion of mutation]
  1017 | D:5      | Gained mutation: You are occasionally teleported next to monsters. [potion of mutation]
  1017 | D:5      | Gained mutation: You expend magic power (3 MP) to strengthen your wands. [potion of mutation]
  1018 | D:5      | Lost mutation: You are occasionally teleported next to monsters. [potion of mutation]
  1018 | D:5      | Lost mutation: You can translocate small distances at will. [potion of mutation]
  1018 | D:5      | Gained mutation: You are somewhat resistant to further mutation. [potion of mutation]
  1022 | D:5      | Bought a potion of heal wounds for 75 gold pieces
  1116 | D:5      | Reached skill level 5 in Spellcasting
  1173 | D:4      | Reached XP level 7. HP: 32/32 MP: 2/15
  1254 | D:5      | Found Ithiw's Gadget Boutique.
  1254 | D:5      | Found Guttes's Armour Shop.
  1307 | D:5      | Found Meut's Antique Weapon Boutique.
  1464 | D:6      | Reached skill level 6 in Earth Magic
  1781 | D:7      | Found a staircase to the Ecumenical Temple.
  1848 | D:7      | magipi: a staff is a really bad weapon if you have no fire and no evo
  1885 | D:8      | 4thArraOfDagon: yea kinda useless stafs
  1892 | D:8      | Reached ** piety under Sif Muna
  1892 | D:8      | Reached XP level 8. HP: 29/36 MP: 7/18
  1895 | D:8      | Reached skill level 7 in Earth Magic
  1925 | D:8      | Found a hazy altar of Hepliaklqana.
  1949 | D:8      | magipi: 5 base damage, like a club
  2043 | D:8      | magipi: wait
  2056 | D:8      | Noticed a hippogriff
  2059 | D:8      | magipi: whip of venom
  2067 | D:8      | Killed a hippogriff
  2070 | D:8      | Reached skill level 8 in Earth Magic
  2147 | D:10     | Entered Level 10 of the Dungeon
  2168 | D:10     | Learned a level 1 spell: Apportation
  2393 | D:11     | Noticed a red ugly thing
  2427 | D:11     | Killed a red ugly thing
  2427 | D:11     | Reached *** piety under Sif Muna
  2427 | D:11     | Reached XP level 9. HP: 23/39 MP: 14/22
  2482 | D:12     | Noticed a seven-headed hydra
  2483 | D:12     | Noticed a two-headed ogre
  2505 | D:12     | Reached skill level 9 in Earth Magic
  2507 | D:12     | Noticed an orc knight
  2548 | D:12     | Killed a two-headed ogre
  2556 | D:12     | Noticed a centaur warrior
  2567 | D:12     | Noticed an unseen horror
  2606 | D:11     | Reached **** piety under Sif Muna
  2608 | D:11     | Reached skill level 10 in Earth Magic
  2777 | D:11     | Found a staircase to the Orcish Mines.
  2793 | D:11     | Found Boomacw's Magic Scroll Shoppe.
  2824 | D:11     | Got a crude rapier
  2825 | D:11     | Identified the +4 rapier of Hubris {pierce, MR++} (You found it on level 11 of the Dungeon)
  2857 | D:12     | Noticed a seven-headed hydra
  2862 | D:12     | Noticed a cyclops
  2869 | D:12     | Found a labyrinth entrance.
  2878 | D:12     | Killed a cyclops
  2883 | D:12     | Killed a centaur warrior
  2883 | D:12     | Reached skill level 10 in Spellcasting
  2883 | D:12     | Reached XP level 10. HP: 12/44 MP: 8/25
  2883 | D:12     | HP: 1/44 [centaur/arrow (12)]
  2892 | D:12     | Reached skill level 11 in Earth Magic
  2903 | D:12     | Killed a seven-headed hydra
  2903 | D:12     | Reached ***** piety under Sif Muna
  2903 | D:12     | Identified Cuosuisa's Grimoire of Fetching Confrontation (Sif Muna gifted it to you on level 12 of the Dungeon)
  2903 | D:12     | Received a gift from Sif Muna
  2907 | D:12     | Killed a seven-headed hydra
  2908 | D:12     | Reached skill level 12 in Earth Magic
  2938 | Lab      | Entered a labyrinth
  2944 | Lab      | last hope
  3121 | Lab      | Noticed a minotaur
  3146 | Lab      | Got a bloodstained war axe
  3148 | Lab      | :(
  3154 | D:12     | Killed an unseen horror
  3199 | D:12     | Leszczynek: what spells are you looking for?
  3211 | D:11     | 4thArraOfDagon: borg
  3236 | D:11     | 4thArraOfDagon: shatter
  3236 | D:11     | 4thArraOfDagon: or anything good
  3237 | D:11     | Found Bem Diuq's Assorted Antiques.
  3242 | D:11     | magipi: you mean the clutch
  3264 | D:11     | Reached XP level 11. HP: 40/47 MP: 17/27
  3270 | D:11     | Noticed a green ugly thing
  3285 | D:11     | 4thArraOfDagon: ye
  3316 | D:11     | Bought a metallic black potion for 26 gold pieces
  3316 | D:11     | Bought an amethyst potion for 26 gold pieces
  3316 | D:11     | Bought a metallic black potion for 26 gold pieces
  3417 | D:13     | Found Denoeme's Antique Weapon Emporium.
  3446 | D:13     | Noticed a two-headed ogre
  3456 | D:13     | Killed a two-headed ogre
  3494 | D:13     | 4thArraOfDagon: now food also
  3550 | D:14     | Noticed a cyan ugly thing
  3569 | D:14     | Noticed an unseen horror
  3717 | D:13     | Noticed an eight-headed hydra
  3740 | D:13     | Killed an eight-headed hydra
  3740 | D:13     | Reached skill level 13 in Earth Magic
  3756 | D:13     | Noticed Nessos
  3773 | D:13     | Shot with an arrow by Nessos

Vault maps used:
D:1:      lightli_arrival_statuegarden
D:2:      uniq_crazy_yiuf_cottage
D:4:      overflow_temple_1_default, nicolae_overflow_crystal_walls,
          overflow_temple_1_default, kennysheep_mini_moat, gup_sewer_entry_bowl,
          first_ration, uniq_blork_the_orc, uniq_robin, uniq_duvessa
D:5:      minitemple, serial_shops, shop, shop, shop, shop
D:7:      minmay_temple_entry_hall
D:8:      nicolae_overflow_hidden_temple, tgw_xom, grunt_livestock,
          minmay_misc_feat_roman
D:9:      overflow_temple_1_default, serial_shops, nicolae_shop_behind_doors,
          lemuel_blue_sif_altar
D:10:     lair_entry_dummy, serial_shops, kennysheep_little_box, uniq_maurice
D:11:     orc_0_dummy, serial_shops, shop_statue, shop_coins
D:12:     lab_entry_generic, hangedman_decor_lopped
D:13:     serial_shops, kennysheep_mini, shop_coins, shop, shop,
          kennysheep_generic_room_14, uniq_nessos
D:14:     grunt_vaults_entry_fortified, serial_shops, nicolae_shop_stone,
          uniq_urug
Lab:      labyrinth_green, nicolae_lab_swirl
Sewer:    sewer_big_baddie

Skill      XL: |  1  2  3  4  5  6  7  8  9 10 11 |
---------------+----------------------------------+-----
Spellcasting   | 3 4 5 6 8 10 11 12 | 12.2
Earth Magic    | 3 4 5 6 8 10 12 13 | 13.1
Invocations    | 1 2 3 4 |  4.0
Dodging        | |  3.0
Stealth        | |  3.0
Transmutations | |  1.3

Action                   |  1- 3 |  4- 6 |  7- 9 | 10-12 || total
-------------------------+-------+-------+-------+-------++-------
Melee: Unarmed           |    57 |       |    18 |       ||    75
       Short sword       |       |    62 |    77 |       ||   139
       Staff             |       |    38 |    41 |       ||    79
       Rapier            |       |       |       |    23 ||    23
 Cast: Sandblast         |    25 |    41 |    64 |    38 ||   168
       Stone Arrow       |       |     8 |     2 |    10 ||    20
       Lee's Rapid Decon |       |       |    17 |    26 ||    43
Invok: Divine Energy     |       |     1 |       |       ||     1
       Channel Magic     |       |       |     1 |     6 ||     7
  Use: Scroll            |     1 |     2 |     6 |     4 ||    13
       Potion            |       |     3 |     7 |     4 ||    14
 Stab: Sleeping          |       |       |     1 |       ||     1
  Eat: Ration            |       |       |     3 |     5 ||     8
Armor: Robe              |    35 |       |       |       ||    35
       Troll leather arm |       |    18 |    46 |    23 ||    87
       Skin              |       |       |    19 |       ||    19
Dodge: Dodged            |   205 |   105 |   229 |    67 ||   606

Table legend:
 A = Spawn XP
 B = Non-spawn XP
 C = Spawn XP percentage of total XP
 D = Spawn monster count
 E = Non-spawn monster count
 F = Spawn count percentage of total count
 G = Total turns spent on level
                    A         B        C        D         E        F      G
               +---------+---------+-------+---------+---------+-------+---------
         Total |       0 |   15648 |   0.0 |       0 |     143 |   0.0 |  3773
               +---------+---------+-------+---------+---------+-------+---------
           D:1 |       0 |       8 |   0.0 |       0 |       4 |   0.0 |   146
           D:3 |       0 |      31 |   0.0 |       0 |       4 |   0.0 |   190
           D:4 |       0 |     353 |   0.0 |       0 |      35 |   0.0 |   581
           D:5 |       0 |     297 |   0.0 |       0 |       6 |   0.0 |   302
           D:6 |       0 |     380 |   0.0 |       0 |       5 |   0.0 |   241
           D:7 |       0 |     165 |   0.0 |       0 |       9 |   0.0 |   214
           D:8 |       0 |     914 |   0.0 |       0 |      13 |   0.0 |   265
          D:11 |       0 |    1893 |   0.0 |       0 |      23 |   0.0 |   531
          D:12 |       0 |    7006 |   0.0 |       0 |      23 |   0.0 |   309
          D:13 |       0 |    4471 |   0.0 |       0 |      15 |   0.0 |   320
         Sewer |       0 |     130 |   0.0 |       0 |       6 |   0.0 |   181
               +---------+---------+-------+---------+---------+-------+---------
